 Dungeon Crawl Stone Soup version 0.29.0-4-gdea44cf6ec (webtiles) character file.

Game seed: 3356520636308803416

40 qw the Chopper (level 3, -2/21 HPs)
             Began as a Tengu Warper on Aug 28, 2022.
             Slain by Robin
             ... wielding a +0 club
              (4 damage)
             ... on level 2 of the Dungeon.
             The game lasted 00:00:09 (1580 turns).

qw the Chopper (Tengu Warper)                       Turns: 1580, Time: 00:00:10

Health: -2/21      AC:  7    Str: 12    XL:     3   Next: 50%
Magic:  7/7        EV:  9    Int: 12    God:
Gold:   89         SH:  0    Dex: 17    Spells: 6/6 levels left

rFire   . . .      SeeInvis .   Y - +0 hand axe
rCold   . . .      Faith    .   (no shield)
rNeg    . . .      Spirit   .   d - +0 scale mail
rPois   .          Reflect  .   (helmet restricted)
rElec   .          Harm     .   (no cloak)
rCorr   .          Rampage  .   j - +0 pair of gloves
Will    .....                   (boots unavailable)
Stlth   ..........              (no amulet)
HPRegen 0.07/turn               (no ring)
MPRegen 0.10/turn               (no ring)

@: no status effects
A: beak, talons 3, agile 1
a: no special abilities


You were on level 2 of the Dungeon.
You visited 1 branch of the dungeon, and saw 2 of its levels.

You collected 89 gold pieces.


Innate Abilities, Weirdness & Mutations

You have a beak for a mouth.
You have claws for feet.
You are agile. (Dex +4, Str/Int -1)


   Skills:
 - Level 2.0 Fighting
 + Level 4.2 Axes
 - Level 1.0 Throwing
 - Level 1.1 Armour
 - Level 2.1 Dodging
 - Level 2.0 Spellcasting
 - Level 2.4 Translocations


You had 6 spell levels left.
You didn't know any spells.
Your spell library contained the following spells:

 Spells                   Type           Power      Damage    Failure   Level
 Blink                    Tloc           12%        N/A       63%         2
 Gell's Gravitas          Tloc           6%         N/A       86%         3
 Lesser Beckoning         Tloc           6%         N/A       86%         3
 Teleport Other           Tloc           6%         N/A       86%         3
 Manifold Assault         Tloc           6%         N/A       100%        5

Inventory:

Hand Weapons
 k - a +0 whip
 Y - a +0 hand axe (weapon)
Armour
 d - a +0 scale mail (worn)
 j - a +0 pair of gloves (worn)
Jewellery
 c - a +6 ring of strength
 m - an amulet of regeneration
Scrolls
 h - a scroll of teleportation {unknown}
 i - a scroll of vulnerability {unknown}
 n - a scroll of enchant armour {unknown}
Potions
 a - a potion of resistance {unknown}
 b - a potion of mutation
 e - a potion of ambrosia {unknown}
 f - 2 potions of attraction {unknown}
 g - 2 potions of might {unknown}
 l - a potion of haste {unknown}

Dungeon Overview and Level Annotations

Branches:
Dungeon (2/15)

Altars:

Annotations:
D:2 Robin


Message History

The giant cockroach is almost dead.
You hit the goblin. You closely miss the goblin. The goblin closely misses you.
The goblin hits you but does no damage.
A hobgoblin comes into view.
The giant cockroach bites you but does no damage.
You hit the giant cockroach.
You kill the giant cockroach!
You completely miss the goblin. You hit the goblin.
The goblin hits you but does no damage. The goblin closely misses you.
You barely miss the goblin.
The goblin is moderately wounded.
You barely miss the goblin. The goblin hits you but does no damage.
The goblin hits you with a +0 club.
A goblin comes into view. It is wielding a +0 club.
You closely miss the goblin. You peck the goblin, but do no damage.
The goblin is moderately wounded.
You hit the goblin. x2
You kill the goblin!
Robin roars a battlecry!
The goblin goes into a battle-frenzy!
The goblin hits you but does no damage. The goblin barely misses you.
You hit the goblin.
You kill the goblin!
You barely miss the goblin. You hit the hobgoblin but do no damage.
The hobgoblin hits you. The goblin closely misses you.
The goblin hits you with a +0 dagger.
You hit the goblin.
You kill the goblin!
You hit the hobgoblin but do no damage. The hobgoblin hits you.
You barely miss Robin. Your kick misses Robin.
You peck Robin, but do no damage. You hit the hobgoblin. x2
The hobgoblin hits you but does no damage.
The hobgoblin hits you. Robin hits you but does no damage.
You completely miss the hobgoblin.
The hobgoblin is heavily wounded.
You hit the hobgoblin. You hit Robin.
The hobgoblin hits you but does no damage. x2
Robin hits you with a +0 club.
You die...

...#### +#
#...# ........
#.#.# ........
#.#.# .........
#.#.# .........
###.#.#
#########
#.....# #.#.###
#.#.# #g@g#
....>.)g##
######.....#g##
#....#.... #.
#....#... #. ##
#....#.. #. .#
#....#. #.
.###....# #.
...#....#


You could see Robin, 2 hobgoblins and a goblin (strong).

Vanquished Creatures
  A dart slug (D:1)
  6 endoplasms
  A giant cockroach (D:2)
  5 goblins
  3 hobgoblins
  3 jackals (D:2)
  2 ball pythons
  8 bats
  A frilled lizard (D:2)
  3 kobolds (D:1)
  3 rats
36 creatures vanquished.

Notes
Turn   | Place    | Note
-------+----------+-------------------------------------------
     0 | D:1      | qw the Tengu Warper began the quest for the Orb.
     0 | D:1      | Reached XP level 1. HP: 12/12 MP: 4/4
     0 | D:1      | 0 ||| qw: Version: 0.1-a-89-g26bdef1
     0 | D:1      | 0 ||| qw: Game counter: 1677
     0 | D:1      | 0 ||| qw: Always use a shield: true
     0 | D:1      | 0 ||| qw: God list: Okawaru
     0 | D:1      | 0 ||| qw: Allow faded altars: false
     0 | D:1      | 0 ||| qw: Do Orc after D:15 true
     0 | D:1      | 0 ||| qw: Do second Lair branch before Depths: true
     0 | D:1      | 0 ||| qw: Lair rune preference: random
     0 | D:1      | 0 ||| qw: Plans: Normal
     0 | D:1      | 0 ||| PLANNING D:1-11
   122 | D:1      | Found a faded altar of an unknown god.
   314 | D:1      | Reached skill level 3 in Axes
   314 | D:1      | Reached XP level 2. HP: 15/17 MP: 6/6
   481 | D:1      | 481 ||| DROPPING +0 club.
   545 | D:1      | You fall into a shaft and drop 1 floor!
   553 | D:2      | 553 ||| UPGRADING to +0 scale mail.
   563 | D:2      | 563 ||| DROPPING +0 leather armour.
   564 | D:2      | 564 ||| UPGRADING to +0 pair of gloves.
   569 | D:2      | 569 ||| READING scroll labelled JOJAMU IPRA.
   570 | D:2      | 570 ||| READING scroll labelled GYKAWKU XOSU.
   571 | D:2      | 571 ||| DROPPING scroll of blinking.
   961 | D:1      | 961 ||| DRINKING 2 orange potions.
   961 | D:1      | Gained mutation: You are agile. (Dex +4, Str/Int -1)
                  | [potion of mutation]
  1104 | D:2      | 1104 ||| Stepping ~*~*~tactically~*~*~ (stealth).
  1116 | D:2      | 1116 ||| Stepping ~*~*~tactically~*~*~ (stealth).
  1117 | D:2      | 1117 ||| Stepping ~*~*~tactically~*~*~ (stealth).
  1119 | D:2      | Reached XP level 3. HP: 21/21 MP: 7/7
  1419 | D:2      | Reached skill level 4 in Axes
  1570 | D:2      | Noticed Robin
  1578 | D:2      | HP: 4/21 [hobgoblin[Robin] (2)]
  1580 | D:2      | Slain by Robin

Levels and vault maps discovered:
D:1:      erik_arrival_orb_chamber, layout_loops_ring,
          ebering_ecumenical_altar_box
D:2:      layout_basic, kennysheep_cluttered_room, dk_noncrumbling_3, uniq_robin

Skill      XL: |  1  2  3 |
---------------+----------+-----
Axes           | 3 4 |  4.2
Fighting       | |  2.0
Throwing       | |  1.0
Armour         | |  1.1
Dodging        | |  2.1
Spellcasting   | |  2.0
Translocations | |  2.4

Action                   || total
-------------------------++-------
Melee: Hand axe          ||    93
       Kick              ||    21
       Peck              ||    10
Throw: Boomerang         ||     7
  Use: Scroll            ||     2
       Potion            ||     1
Armor: Leather armour    ||    15
       Scale mail        ||    43
Dodge: Dodged            ||    55

Table legend:
 A = Non-vault XP
 B = Vault XP
 C = Vault XP percentage of total XP
 D = Non-vault monster count
 E = Vault monster count
 F = Vault count percentage of total count
                 A         B        C        D         E       F
            +---------+---------+-------+---------+---------+-------
      Total |      52 |       6 |  10.3 |      33 |       3 |   8.3
            +---------+---------+-------+---------+---------+-------
        D:1 |      28 |       0 |   0.0 |      18 |       0 |   0.0
        D:2 |      24 |       6 |  20.0 |      15 |       3 |  16.7
            +---------+---------+-------+---------+---------+-------
